 Dungeon Crawl Stone Soup version 0.28.0-43-g3370ac3207 (webtiles) character file.

Game seed: 7383434395604813710

114 Pemander the Archer (level 4, -22/34 HPs)
             Began as a Gnoll Wanderer on Mar 17, 2022.
             Annihilated by an ogre
             ... wielding a +0 giant club
              (24 damage)
             ... on level 4 of the Dungeon.
             The game lasted 00:04:01 (4363 turns).

Pemander the Archer (Gnoll Wanderer)                Turns: 4363, Time: 00:04:02

Health: -22/34     AC:  5    Str: 15    XL:     4   Next: 97%
Magic:  5/5        EV: 14    Int:  9    God:
Gold:   111        SH:  0    Dex: 12    Spells: 5/5 levels left

rFire   . . .      SeeInvis .   e - +0 dagger (venom)
rCold   . . .      Faith    .   (no shield)
rNeg    . . .      Spirit   .   c - +1 leather armour
rPois   .          Reflect  .   (no helmet)
rElec   .          Harm     .   (no cloak)
rCorr   .          Rampage  .   s - +0 pair of gloves
Will    .....                   (no boots)
Stlth   ++........              (no amulet)
HPRegen 0.11/turn               (no ring)
MPRegen 0.09/turn               (no ring)

@: no status effects
A: fangs 1, strong nose, distributed training
a: no special abilities


You were on level 4 of the Dungeon.
You visited 1 branch of the dungeon, and saw 4 of its levels.

You collected 111 gold pieces.

Inventory:

Hand Weapons
 e - a +0 dagger of venom (weapon)
 i - a +1 hunting sling of flaming
Missiles
 b - 4 throwing nets (quivered)
 d - 39 arrows
 j - 131 stones
Armour
 c - a +1 leather armour (worn)
 s - a +0 pair of gloves (worn)
Scrolls
 h - 2 scrolls of enchant armour
 k - a scroll of fear {unknown}
 m - a scroll of teleportation
 q - a scroll of summoning {unknown}
 r - a scroll of noise {unknown}
Potions
 a - a potion of brilliance {unknown}
 f - a potion of mutation {unknown}
 g - a potion of heal wounds {unknown}
 l - a potion of ambrosia {unknown}
 n - 2 potions of lignification
 o - a potion of haste {unknown}
 p - a potion of flight {unknown}


   Skills:
 + Level 2.8 Fighting
 + Level 1.3 Short Blades
 + Level 1.3 Long Blades
 + Level 1.3 Axes
 + Level 1.3 Maces & Flails
 + Level 1.3 Polearms
 + Level 1.3 Staves
 + Level 1.3 Slings
 + Level 10.5 Bows
 + Level 1.3 Crossbows
 + Level 1.3 Throwing
 + Level 1.3 Armour
 + Level 6.6 Dodging
 + Level 2.6 Stealth
 + Level 1.3 Shields
 + Level 1.3 Unarmed Combat
 + Level 1.3 Spellcasting
 + Level 1.0 Conjurations
 + Level 1.0 Hexes
 + Level 1.0 Summonings
 + Level 1.0 Necromancy
 + Level 1.0 Translocations
 + Level 1.0 Transmutations
 + Level 1.0 Fire Magic
 + Level 1.0 Ice Magic
 + Level 1.0 Air Magic
 + Level 1.0 Earth Magic
 + Level 1.0 Poison Magic
 + Level 1.4 Invocations
 + Level 1.3 Evocations


You had 5 spell levels left.
You didn't know any spells.
Your spell library contained the following spells:

 Spells                   Type           Power      Damage    Failure   Level
 Corpse Rot               Necr/Air       4%         N/A       41%         2
 Poisonous Vapours        Pois/Air       4%         N/A       41%         2
 Conjure Ball Lightning   Conj/Air       1%         3x3d6     100%        6
 Discord                  Hex            1%         N/A       100%        8
 Disjunction              Tloc           1%         N/A       100%        8


Dungeon Overview and Level Annotations

Branches:
Dungeon (4/15)
 Temple: D:4-7

Altars:
Ru

Shops:
D:3 (   D:4 (


Innate Abilities, Weirdness & Mutations

You have very sharp teeth.
Your uncanny sense of smell can sniff out nearby items.
Your experience applies equally to all skills.


Message History

Ouch! That really hurt!
You see here 2 stones.
Found a plate armour. 2 hobgoblins come into view.
Found a fizzy purple potion.
The hobgoblin shouts! x2
A kobold comes into view. It is wielding a +0 whip.
The hobgoblin moves out of view.
Found a human corpse and a dagger.
Found Lyciel's Weapon Boutique.
You see here a +0 plate armour.
The hobgoblin completely misses you. The hobgoblin barely misses you.
Found a stone staircase leading down.
The ogre looks more healthy.
There is a stone staircase leading down here.
Found 9 gold pieces.
You hit the hobgoblin but do no damage.
The hobgoblin is poisoned.
You bite the hobgoblin, but do no damage.
The hobgoblin hits you but does no damage.
The kobold shouts!
You kill the hobgoblin!
You hear the slow rusting of a very distant drain.
Your +0 dagger of venom stops dripping with poison.
Your +1 hunting sling of flaming bursts into flame!
i - a +1 hunting sling of flaming (weapon)
You shoot a stone.
The stone hits the ogre but does no damage.
The ogre is severely wounded.
Your +1 hunting sling of flaming stops flaming.
Your +0 dagger of venom begins to drip with poison!
e - a +0 dagger of venom (weapon)
You hit the ogre.
The ogre is severely wounded.
The ogre hits you with a +0 giant club!
* * * LOW HITPOINT WARNING * * *
You hit the ogre.
The ogre is poisoned.
The ogre is almost dead.
The ogre hits you with a +0 giant club.
* * * LOW HITPOINT WARNING * * *
The ogre hits you with a +0 giant club!!
Ouch! That really hurt!
You die...

.#....(.....# #..#
#.# ...#..#.....#
#..#####.#
#.##..##...##
#.........
.....g.O...#
#.######.#
..##..####O# #....#
#.# ......# #.#
#....# #.#
..##O#####.#######
#....# #.# ..##g#
#.....KgO.# #.#.##
#.# .g...#
#.#.#####@# #.#.#
#.. .##### #.#.#
#.#######.#.# #.. $#
#.#.#
###.##......#.# #..
.. #.#.#
#......######.####..
##. #.#.###.###..#
#...†.... .#
#.#.....# #..#
#.#####.#
#.#####.#####.###.##
#.#####.# ........#
#.....# #.#......
#.####### ###.###
..#.###.#


You could see an ogre (very poisoned), a hobgoblin and a kobold.

Vanquished Creatures
  4 adders
  3 worms
  A dart slug (D:1)
  2 orcs (D:3)
  6 endoplasms
  3 giant cockroaches (D:2)
  5 goblins
  8 hobgoblins
  4 jackals (D:2)
  7 kobolds
  A quokka (D:4)
  5 ball pythons
  6 bats
  3 frilled lizards
  3 rats
61 creatures vanquished.

Notes
Turn   | Place    | Note
-------+----------+-------------------------------------------
     0 | D:1      | Reached skill level 10 in Bows
     0 | D:1      | Pemander the Gnoll Wanderer began the quest for the Orb.
     0 | D:1      | Pemander set off with the following items: a +0 shortbow, 4
                  | throwing nets, a +0 leather armour, 28 arrows, a potion of
                  | lignification
     0 | D:1      | Reached XP level 1. HP: 17/17 MP: 1/1
    83 | D:1      | Found a faded altar of an unknown god.
   604 | D:1      | Reached XP level 2. HP: 23/23 MP: 2/2
  1379 | D:2      | Reached XP level 3. HP: 26/28 MP: 3/3
  1950 | D:2      | Reached skill level 1 in Invocations
  2100 | D:2      | Reached skill level 1 in Short Blades
  2100 | D:2      | Reached skill level 1 in Long Blades
  2100 | D:2      | Reached skill level 1 in Axes
  2100 | D:2      | Reached skill level 1 in Maces & Flails
  2100 | D:2      | Reached skill level 1 in Polearms
  2100 | D:2      | Reached skill level 1 in Staves
  2100 | D:2      | Reached skill level 1 in Slings
  2100 | D:2      | Reached skill level 1 in Crossbows
  2100 | D:2      | Reached skill level 1 in Throwing
  2100 | D:2      | Reached skill level 1 in Armour
  2100 | D:2      | Reached skill level 1 in Shields
  2100 | D:2      | Reached skill level 1 in Unarmed Combat
  2100 | D:2      | Reached skill level 1 in Spellcasting
  2100 | D:2      | Reached skill level 1 in Evocations
  2677 | D:2      | Reached XP level 4. HP: 34/34 MP: 5/5
  3555 | D:3      | Reached skill level 1 in Conjurations
  3555 | D:3      | Reached skill level 1 in Hexes
  3555 | D:3      | Reached skill level 1 in Summonings
  3555 | D:3      | Reached skill level 1 in Necromancy
  3555 | D:3      | Reached skill level 1 in Translocations
  3555 | D:3      | Reached skill level 1 in Transmutations
  3555 | D:3      | Reached skill level 1 in Fire Magic
  3555 | D:3      | Reached skill level 1 in Ice Magic
  3555 | D:3      | Reached skill level 1 in Air Magic
  3555 | D:3      | Reached skill level 1 in Earth Magic
  3555 | D:3      | Reached skill level 1 in Poison Magic
  3569 | D:3      | Found Taruq's Weapon Emporium.
  3879 | D:3      | Found a sacrificial altar of Ru.
  4300 | D:4      | Noticed an ogre
  4321 | D:4      | Found Lyciel's Weapon Boutique.
  4363 | D:4      | Annihilated by an ogre

Illustrated notes

Levels and vault maps discovered:
D:1:      evilmike_arrival_rings, layout_basic,
          shapermc_ecumenical_altar_mp_highgroup, serial_bayou_crossing
D:2:      layout_basic
D:3:      layout_loops_cross, nicolae_ru_the_path_less_chosen, serial_shops,
          nicolae_shop_waterfront, minivault_14, minmay_hedge_maze
D:4:      layout_loops_ring, kennysheep_slug_shrine, makhleb_heckhound_becter,
          serial_shops, nicolae_shop_bloodbath_and_beyond, portal_sewer_entry_e

Skill      XL: |  1  2  3  4 |
---------------+-------------+-----
Bows           | | 10.5
Invocations    | 1 |  1.4
Short Blades   | 1 |  1.3
Long Blades    | 1 |  1.3
Axes           | 1 |  1.3
Maces & Flails | 1 |  1.3
Polearms       | 1 |  1.3
Staves         | 1 |  1.3
Slings         | 1 |  1.3
Crossbows      | 1 |  1.3
Throwing       | 1 |  1.3
Armour         | 1 |  1.3
Shields        | 1 |  1.3
Unarmed Combat | 1 |  1.3
Spellcasting   | 1 |  1.3
Evocations     | 1 |  1.3
Conjurations   | 1 |  1.0
Hexes          | 1 |  1.0
Summonings     | 1 |  1.0
Necromancy     | 1 |  1.0
Translocations | 1 |  1.0
Transmutations | 1 |  1.0
Fire Magic     | 1 |  1.0
Ice Magic      | 1 |  1.0
Air Magic      | 1 |  1.0
Earth Magic    | 1 |  1.0
Poison Magic   | 1 |  1.0
Fighting       | |  2.8
Dodging        | |  6.6
Stealth        | |  2.6

Action                   |  1- 3 |  4- 6 || total
-------------------------+-------+-------++-------
Melee: Dagger            |    17 |    24 ||    41
       Bite              |     5 |     2 ||     7
       Punch             |       |     1 ||     1
 Fire: Shortbow          |     7 |       ||     7
       Hunting sling     |    67 |    62 ||   129
  Use: Potion            |     1 |       ||     1
       Scroll            |       |     5 ||     5
Armor: Leather armour    |     9 |     8 ||    17
Dodge: Dodged            |    26 |    23 ||    49
